 Dungeon Sprint DCSS version 0.28.0 (webtiles) character file.

Game seed: 4557315177664783675

298 boopmooplesden the Carver (level 9, -5/91 HPs)
             Began as a Minotaur Fighter on Feb 12, 2022.
             Was a High Priest of Okawaru.
             Slain by an eleionoma (19 damage)
             ... in the Dungeon (Sprint VI: "Thunderdome").
             The game lasted 00:04:01 (709 turns).

boopmooplesden the Carver (Minotaur Fighter)         Turns: 709, Time: 00:04:02

Health: -5/91      AC: 12    Str: 35    XL:     9   Next: 28%
Magic:  7/10       EV: 15    Int:  7    God:    Okawaru [*****.]
Gold:   51         SH:  8    Dex: 14    Spells: 8/8 levels left

rFire   . . .      SeeInvis .   a - +0 long sword
rCold   . . .      Faith    +   c - +0 buckler
rNeg    . . .      Spirit   .   b - +0 scale mail
rPois   +          Reflect  .   t - +0 hat "Nuar" {-Tele Harm Fly Dex+8}
rElec   +          Harm     +   (no cloak)
rCorr   +          Rampage  .   r - +0 pair of gloves
Will    .....      NoTele   +   (no boots)
Stlth   ++........              p - amulet "Yniraath" {Faith rElec Str+4}
HPRegen 0.25/turn               o - ring "Doryiz Ukhlo" {+Blink rElec rCorr Str+5 Dex-5}
MPRegen 0.12/turn               q - ring of Eblerhif {Fly rPois Str+4}

@: heroic, on berserk cooldown, flying, slowed, very slow
A: horns 2, retaliatory headbutt
a: Renounce Religion, Evoke Blink, Heroism, Finesse


You were in the Dungeon.
You worshipped Okawaru.
Okawaru was extremely pleased with you.
You visited 1 branch You collected 600 gold pieces.
You spent 549 gold pieces at shops.

Inventory:

Hand Weapons
 a - a +0 long sword (weapon)
Armour
 b - a +0 scale mail (worn)
 c - a +0 buckler (worn)
 r - a +0 pair of gloves (worn)
 t - the +0 hat "Nuar" (worn) {-Tele Harm Fly Dex+8}
   (You bought it in a shop in the Dungeon)

   Dex:       It affects your dexterity (+8).
   Fly:       It grants you flight.
   -Tele:     It prevents most forms of teleportation.
   Harm:      It increases damage dealt and taken.
Jewellery
 o - the ring "Doryiz Ukhlo" (left hand) {+Blink rElec rCorr Str+5 Dex-5}
   (You bought it in a shop in the Dungeon)

   [ring of resist corrosion]

   Str:       It affects your strength (+5).
   Dex:       It affects your dexterity (-5).
   rElec:     It insulates you from electricity.
   +Blink:    It lets you blink.
   rCorr:     It protects you from acid and corrosion.
 p - the amulet "Yniraath" (around neck) {Faith rElec Str+4}
   (You bought it in a shop in the Dungeon)

   [amulet of faith]

   It allows you to gain divine favour quickly.
   Str:       It affects your strength (+4).
   rElec:     It insulates you from electricity.
 q - the ring of Eblerhif (right hand) {Fly rPois Str+4}
   (You bought it in a shop in the Dungeon)

   [ring of poison resistance]

   Str:       It affects your strength (+4).
   rPois:     It protects you from poison.
   Fly:       It grants you flight.
 s - the ring "Qehiofaloa" {rN+ MP+9 Str+2}
   (You bought it in a shop in the Dungeon)

   [ring of magical power]

   Str:       It affects your strength (+2).
   rN:        It protects you from negative energy.
   MP:        It affects your magic capacity (+9).
Wands
 l - a wand of acid (5)
 m - a wand of iceblast (5)
Scrolls
 j - 4 scrolls of blinking
 n - 3 scrolls of fog
Potions
 d - a potion of might
 e - a potion of curing
 g - 4 potions of haste
 h - 2 potions of magic
 k - 2 potions of resistance


   Skills:
 + Level 12.5(17.5) Fighting
 + Level 14.1(19.1) Long Blades
 + Level 13.6(18.6) Armour
 + Level 4.4(9.4) Dodging
 + Level 0.6(5.6) Stealth
 + Level 10.7(15.7) Shields
 + Level 2.9 Invocations


You had 8 spell levels left.
You didn't know any spells.
Your spell library was empty.

Dungeon Overview and Level Annotations

Branches:
Dungeon (1/1)

Altars:
Cheibriados
Dithmenos
Fedhas
Gozag
Kikubaaqudgha
Makhleb
Okawaru
Qazlal
Ru
Sif Muna
Trog
Uskayaw
Vehumet
Wu Jian
Xom
Yredelemnul
Zin
The Shining One
Beogh
Lugonu

Shops:
D *[??*?*:[((!!!!


Innate Abilities, Weirdness & Mutations

You have a pair of horns on your head.
You reflexively headbutt those who attack you in melee.


Message History

The vampire mosquito closely misses you.
The vampire mosquito barely misses you. You furiously retaliate!
You headbutt the vampire mosquito!
The vampire mosquito bites you but does no damage.
You slash the vampire mosquito!
You destroy the vampire mosquito!
Okawaru accepts your kill.
You feel like a meek peon again.
Your Long Blades skill increases to level 14!
You see here a vampire mosquito corpse.
The eleionoma hurls a spray of splinters at you.
The spray of wooden splinters misses you.
You gain the combat prowess of a mighty hero.
A swamp drake comes into view.
The swamp drake roars!
The eleionoma closely misses you. The swamp drake breathes poison at you.
The eleionoma is engulfed in noxious fumes.
The eleionoma hits you!
You hit the eleionoma but do no damage. You headbutt the eleionoma!
The eleionoma is lightly wounded.
The eleionoma is engulfed in noxious fumes.
The eleionoma hits you but does no damage.
You slice the eleionoma!!
The eleionoma is severely wounded.
The eleionoma is engulfed in noxious fumes.
The eleionoma appears confused.
The eleionoma misses you.
You hit the eleionoma but do no damage. You headbutt the eleionoma!!
The eleionoma is almost dead.
The eleionoma seems less confused.
The eleionoma hurls a spray of splinters at you.
The spray of wooden splinters hits you but does no damage.
You hit the eleionoma but do no damage. You headbutt the eleionoma!
The eleionoma is almost dead.
The eleionoma hurls a spray of splinters at you.
The spray of wooden splinters hits you!!
* * * LOW HITPOINT WARNING * * *
The eleionoma hits you!
You die...

###.........### #⌠...........⌠#
######.8.........8.######
##.___......###......___∩##
###∩........8.# #.8........∩##
##...........†.###.............
#⌠..........###..[###..........
#⌠..........# #.Rk# #..........
#⌠.........†###@..###..........
##..........†..###.............
###∩........8.# #.8........∩##
##∩__.......###......__.∩##
######.8.........8.######
#⌠...........⌠# ###.........###
#........_# #_......._#


You could see an eleionoma and a swamp drake.

Vanquished Creatures
  A goliath frog (D)
  3 rime drakes (D)
  Grinder (D)
  A water elemental (D)
  A vampire mosquito (D)
  2 ice beasts (D)
  A necrophage (D)
  6 killer bees (D)
  A wight (D)
  2 crimson imps (D)
  2 iron imps (D)
  A white imp (D)
  An adder skeleton (D)
  A ball python skeleton (D)
  A quokka simulacrum (D)
  A quokka skeleton (D)
26 creatures vanquished.

Notes
Turn   | Place    | Note
-------+----------+-------------------------------------------
     0 | D        | boopmooplesden the Minotaur Fighter began the quest for the
                  | Orb.
     0 | D        | Reached XP level 1. HP: 19/19 MP: 0/0
     0 | D        | Found a glowing silver altar of Zin.
     0 | D        | Found a bloodstained altar of Trog.
     1 | D        | Found a sacrificial altar of Ru.
     1 | D        | Found a shimmering altar of Xom.
     5 | D        | Round 1.
     8 | D        | Found an iron altar of Okawaru.
     8 | D        | Found a snail-covered altar of Cheibriados.
     9 | D        | Found a stormy altar of Qazlal.
     9 | D        | Found a hide-covered altar of Uskayaw.
    10 | D        | Found a blossoming altar of Fedhas.
    10 | D        | Found a corrupted altar of Lugonu.
    11 | D        | Found a radiant altar of Vehumet.
    11 | D        | Found Jeur's Identification Station.
    12 | D        | Found Abreall's Jewellery.
    12 | D        | Found Goarr's Advanced Armour.
    16 | D        | Became a worshipper of Warmaster Okawaru
    21 | D        | Bought a warped pewter ring for 45 gold pieces
    21 | D        | Identified the ring "Doryiz Ukhlo" {+Blink rElec rCorr
                  | Str+5 Dex-5} (You bought it in a shop in the Dungeon)
    21 | D        | Bought a heavily runed ruby amulet for 45 gold pieces
    21 | D        | Identified the amulet "Yniraath" {Faith rElec Str+4} (You
                  | bought it in a shop in the Dungeon)
    21 | D        | Bought a slimy tin ring for 45 gold pieces
    21 | D        | Identified the ring of Eblerhif {Fly rPois Str+4} (You
                  | bought it in a shop in the Dungeon)
    41 | D        | Noticed a necrophage
    50 | D        | Killed a necrophage
    50 | D        | Reached * piety under Okawaru
    51 | D        | Reached skill level 4 in Long Blades
    51 | D        | Reached XP level 2. HP: 21/31 MP: 1/1
    51 | D        | Reached XP level 3. HP: 26/38 MP: 2/2
    51 | D        | Reached XP level 4. HP: 31/45 MP: 3/3
    65 | D        | Found an ancient bone altar of Kikubaaqudgha.
    74 | D        | Found an ornate altar of the Wu Jian Council.
    74 | D        | Found a basalt altar of Yredelemnul.
    74 | D        | Found Turchauz's Magic Scroll Shop.
    74 | D        | Found Qais's Staff Store.
   110 | D        | Arena points: 12 (+12) [x2]
   111 | D        | Reached skill level 5 in Long Blades
   111 | D        | Found a glowing golden altar of the Shining One.
   141 | D        | Round 2.
   142 | D        | Found a shimmering blue altar of Sif Muna.
   142 | D        | Found a burning altar of Makhleb.
   143 | D        | Found Voumn's Weapon Rack.
   143 | D        | Found Dibat's Premium Goods.
   144 | D        | Found Xaik Dov's Basic Armour.
   144 | D        | Found Lehupimn's Miscellaneous Merchandise.
   152 | D        | Bought a +0 pair of gloves for 54 gold pieces
   163 | D        | Reached XP level 5. HP: 29/52 MP: 4/4
   173 | D        | Found an opulent altar of Gozag.
   180 | D        | Found Mugreosa's Do-It-Yourself Clinic.
   180 | D        | Found a shadowy altar of Dithmenos.
   180 | D        | Found Subuwuq's Distillery.
   181 | D        | Found Giricogu's Bottled Wisdom.
   181 | D        | Found Behyruem's Distillery.
   185 | D        | Reached skill level 6 in Long Blades
   194 | D        | Noticed Grinder
   202 | D        | Killed Grinder
   203 | D        | Reached skill level 8 in Long Blades
   203 | D        | Reached skill level 10 in Armour
   203 | D        | Reached skill level 1 in Dodging
   203 | D        | Reached XP level 6. HP: 23/64 MP: 3/5
   204 | D        | Reached ** piety under Okawaru
   204 | D        | Arena points: 54 (+42) [x3]
   205 | D        | Found Vigan's Must-Have Magic.
   205 | D        | Found Xotomor's Magic Scroll Shop.
   223 | D        | Round 3.
   265 | D        | Reached XP level 7. HP: 39/71 MP: 3/6
   271 | D        | Reached skill level 10 in Fighting
   333 | D        | Reached skill level 9 in Long Blades
   359 | D        | Arena points: 138 (+84) [x4]
   410 | D        | Round 4.
   430 | D        | Noticed a rime drake
   438 | D        | Killed a rime drake
   439 | D        | Reached skill level 10 in Long Blades
   439 | D        | Reached skill level 1 in Invocations
   448 | D        | Reached XP level 8. HP: 58/82 MP: 5/7
   481 | D        | Reached skill level 11 in Long Blades
   481 | D        | Reached skill level 10 in Shields
   489 | D        | Reached *** piety under Okawaru
   494 | D        | Noticed a rime drake
   502 | D        | Killed a rime drake
   503 | D        | Reached skill level 12 in Long Blades
   542 | D        | Noticed a rime drake
   556 | D        | Killed a rime drake
   556 | D        | Arena points: 298 (+160) [x5]
   567 | D        | Bought a scintillating jade ring for 45 gold pieces
   567 | D        | Identified the ring "Qehiofaloa" {rN+ MP+9 Str+2} (You
                  | bought it in a shop in the Dungeon)
   573 | D        | Bought a polished hat for 315 gold pieces
   573 | D        | Identified the +0 hat "Nuar" {-Tele Harm Fly Dex+8} (You
                  | bought it in a shop in the Dungeon)
   613 | D        | Round 5.
   671 | D        | Noticed a goliath frog
   674 | D        | Noticed a bog body
   689 | D        | Killed a goliath frog
   689 | D        | Reached **** piety under Okawaru
   689 | D        | Reached ***** piety under Okawaru
   690 | D        | Reached skill level 13 in Long Blades
   690 | D        | Reached XP level 9. HP: 69/91 MP: 6/10
   693 | D        | Noticed an eleionoma
   696 | D        | Reached skill level 14 in Long Blades
   709 | D        | Slain by an eleionoma

Illustrated notes

Levels and vault maps discovered:
D:        arena_sprint

Skill      XL: |  1  2  3  4  5  6  7  8  9 |
---------------+----------------------------+-----
Fighting       | 6 7 9 11 12 | 12.5
Long Blades    | 4 5 8 10 13 14 | 14.1
Armour         | 6 8 10 12 13 | 13.6
Shields        | 6 7 8 9 10 | 10.7
Dodging        | 1 2 4 |  4.4
Invocations    | 1 2 |  2.9
Stealth        | |  0.6

Action                   |  1- 3 |  4- 6 |  7- 9 || total
-------------------------+-------+-------+-------++-------
Melee: Long sword        |     7 |    40 |    65 ||   112
       Headbutt          |     2 |     8 |    10 ||    20
Invok: Heroism           |       |     3 |     4 ||     7
  Use: Potion            |       |     1 |     4 ||     5
Armor: Scale mail        |     4 |     9 |    23 ||    36
Dodge: Dodged            |     2 |    22 |    26 ||    50
Block: Buckler           |       |     5 |    13 ||    18
